 Dungeon Crawl Stone Soup version 0.26.0-15-gc6cd9f700b (webtiles) character file.

Game seed: 2403368974244436601

73 EnegeticOcto the Stinger (level 4, -2/32 HPs)
             Began as a Gnoll Venom Mage on Jan 16, 2021.
             Slain by a worker ant (5 damage)
             ... on level 4 of the Dungeon.
             The game lasted 00:02:50 (385 turns).

EnegeticOcto the Stinger (Gnoll Venom Mage)          Turns: 385, Time: 00:02:50

Health: -2/32      AC:  2    Str: 11    XL:     4   Next: 27%
Magic:  1/11       EV: 15    Int: 18    God:
Gold:   102        SH:  0    Dex: 15    Spells: 4/13 levels left

rFire    . . .     SeeInvis .   e - +3 mace (vorpal)
rCold    . . .     Faith    .   (no shield)
rNeg     . . .     Spirit   .   a - +0 robe
rPois    .         Reflect  .   (no helmet)
rElec    .         Harm     .   (no cloak)
rCorr    .         Rampage  .   (no gloves)
Will     .....                  (no boots)
Stlth    +++.......             (no amulet)
HPRegen  0.10/turn              (no ring)
MPRegen  0.12/turn              (no ring)

@: no status effects
A: distributed training, fangs 1, strong nose
a: no special abilities


You were on level 4 of the Dungeon.
You visited 1 branch of the dungeon, and saw 4 of its levels.

You collected 102 gold pieces.

Inventory:

Hand Weapons
 e - a +3 vorpal mace (weapon)
   (You found it on level 1 of the Dungeon)
Missiles
 g - 4 javelins
Armour
 a - a +0 robe (worn)
 h - a +0 buckler
   (You found it on level 2 of the Dungeon)
 i - a +0 pair of boots
   (You found it on level 2 of the Dungeon)
Scrolls
 b - a scroll of identify {unknown}
 c - a scroll of magic mapping {unknown}
Potions
 d - a potion of ambrosia {unknown}
 f - a potion of curing {unknown}


   Skills:
 + Level 1.1 Fighting
 + Level 1.1 Short Blades
 + Level 1.1 Long Blades
 + Level 1.1 Axes
 + Level 1.1 Maces & Flails
 + Level 1.1 Polearms
 + Level 1.1 Staves
 + Level 1.1 Slings
 + Level 1.1 Bows
 + Level 1.1 Crossbows
 + Level 1.1 Throwing
 + Level 1.1 Armour
 + Level 4.6 Dodging
 + Level 4.2 Stealth
 + Level 1.1 Shields
 + Level 1.1 Unarmed Combat
 + Level 5.0 Spellcasting
 + Level 0.8 Conjurations
 + Level 0.8 Hexes
 + Level 0.8 Summonings
 + Level 0.8 Necromancy
 + Level 0.8 Translocations
 + Level 2.2 Transmutations
 + Level 0.8 Fire Magic
 + Level 0.8 Ice Magic
 + Level 0.8 Air Magic
 + Level 0.8 Earth Magic
 + Level 5.4 Poison Magic
 + Level 1.2 Invocations
 + Level 1.1 Evocations


You had 4 spell levels left.
You knew the following spells:

 Your Spells              Type           Power        Failure   Level
a - Sting                 Tmut/Pois      72%          2%          1
b - Poisonous Vapours     Pois/Air       32%          5%          2
c - Mephitic Cloud        Conj/Pois/Air  13%          14%         3
d - Ignite Poison         Fire/Tmut/Pois 14%          12%         3

Your spell library contained the following spells:

 Spells                   Type           Power        Failure   Level
 Olgreb's Toxic Radiance  Pois           24%          14%         4


Dungeon Overview and Level Annotations

Branches:
Dungeon (4/15)
 Temple: D:4-7

Altars:

Annotations:
D:2 Terence


Innate Abilities, Weirdness & Mutations

Your experience applies equally to all skills.
You have very sharp teeth.
Your uncanny sense of smell can sniff out nearby items.


Message History

Aim: an orc, wielding a +0 flail, wearing a +0 ring mail and quivering 3 boomerangs of dispersal (poisoned) Poisonous vapours surround the orc!
The jackal closely misses you.
The orc is engulfed in poison gas.
The orc looks even sicker.
You kill the orc!
You barely miss the jackal. You bite the jackal, but do no damage.
The jackal is heavily wounded.
The jackal bites you but does no damage.
The jackal bites you.
You are too injured to fight recklessly!
You are too injured to fight recklessly!
You closely miss the jackal.
The jackal is heavily wounded.
The jackal closely misses you. The jackal completely misses you.
You sock the jackal!
You kill the jackal!
The jackal closely misses you.
Casting: Poisonous Vapours (safe; 6% risk of failure)
Confirm with . or Enter, or press ? or * to list all spells.
Aiming: Sting (safe; 2% risk of failure)
Press: ? - help, Shift-Dir - straight line, f - jackal
Aim: a jackal (33% to evade)
The sting hits the jackal.
The jackal is poisoned.
The jackal is lightly wounded.
The jackal misses you.
You sock the jackal!
You kill the jackal!
The quokka bites you.
Casting: Sting (safe; 2% risk of failure)
Confirm with . or Enter, or press ? or * to list all spells.
Aiming: Sting (safe; 2% risk of failure)
Press: ? - help, Shift-Dir - straight line, f - quokka
Aim: a quokka (36% to evade)
The sting misses the quokka.
The quokka misses you.
An orc priest comes into view. It is wielding a +0 whip.
The orc priest shouts!
You closely miss the quokka. The quokka closely misses you.
The orc priest closely misses you. The quokka barely misses you.
Casting: Sting (safe; 2% risk of failure)
Confirm with . or Enter, or press ? or * to list all spells.
Aiming: Poisonous Vapours (safe; 6% risk of failure)
Press: ? - help, Dir - move target, f - orc priest, p - quokka
Aim: an orc priest, wielding a +0 whip and wearing a +0 ring mail You miscast Poisonous Vapours.
You are very lightly contaminated with residual magic.
Nothing appears to happen.
The orc priest closely misses you. The quokka misses you.
Casting: Poisonous Vapours (safe; 6% risk of failure)
Confirm with . or Enter, or press ? or * to list all spells.
Aiming: Poisonous Vapours (safe; 6% risk of failure)
Press: ? - help, Dir - move target, f/p - orc priest
Aim: an orc priest, wielding a +0 whip and wearing a +0 ring mail Poisonous vapours surround the orc priest!
The quokka misses you.
The orc priest is engulfed in poison gas.
The orc priest is poisoned.
The orc priest closely misses you.
You sock the orc priest!
You bite the orc priest, but do no damage.
The orc priest is severely wounded.
The quokka bites you. The orc priest closely misses you. The quokka bites you.
An iguana comes into view.
You hit the orc priest.
You kill the orc priest!
The quokka bites you.
Your Fighting skill increases to level 1!
Your Short Blades skill increases to level 1!
Your Long Blades skill increases to level 1!
Your Axes skill increases to level 1!
Your Maces & Flails skill increases to level 1!
Your Polearms skill increases to level 1!
Your Staves skill increases to level 1!
Your Slings skill increases to level 1!
Your Bows skill increases to level 1!
Your Crossbows skill increases to level 1!
Your Throwing skill increases to level 1!
Your Armour skill increases to level 1!
Your Shields skill increases to level 1!
Your Unarmed Combat skill increases to level 1!
Your Evocations skill increases to level 1!
You have reached level 4!
You feel stronger.
You hit the quokka.
The quokka is almost dead.
The quokka bites you.
* * * LOW HITPOINT WARNING * * *
The quokka barely misses you.
You barely miss the quokka.
The quokka is almost dead.
The quokka completely misses you.
Your magical contamination has completely faded away.
You closely miss the quokka.
The quokka is almost dead.
The quokka bites you.
* * * LOW HITPOINT WARNING * * *
The quokka barely misses you.
Things that are here:
a +0 whip; a +0 ring mail A worker ant comes into view.
The worker ant closely misses you. The quokka bites you.
* * * LOW HITPOINT WARNING * * *
The worker ant bites you.
You die...

..#.............
.......<.....##.#
..###...........#
Z....###...###.#
####. #...###.#
##.###.......##
?.............. ∆
##.#...B###..##
#..@.##>#.#
#...r#.# .#
.#....l## .
#...$...o##
#........##†#
..###..####Z).# ∆
> #.. #...# #..
....# #.# ##...


You could see an iguana, a worker ant, an orc, a quokka and a hound skeleton.

Vanquished Creatures
  An orc priest (D:4)
  A howler monkey zombie (D:2)
  A dart slug (D:3)
  3 leopard geckos (D:2)
  An orc (D:4)
  A ball python (D:2)
  A bat (D:2)
  3 goblins (D:2)
  3 hobgoblins
  4 jackals (D:4)
  A frilled lizard (D:4)
  2 kobolds (D:2)
  2 rats (D:1)
24 creatures vanquished.

Notes
Turn   | Place    | Note
-------+----------+-------------------------------------------
     0 | D:1      | EnegeticOcto the Gnoll Venom Mage began the quest for the
                  | Orb.
     0 | D:1      | Reached XP level 1. HP: 13/13 MP: 6/6
   109 | D:2      | Reached skill level 2 in Transmutations
   140 | D:2      | Reached XP level 2. HP: 19/19 MP: 5/7
   150 | D:2      | Noticed Terence
   219 | D:2      | Reached XP level 3. HP: 25/25 MP: 9/9
   222 | D:2      | Reached skill level 5 in Spellcasting
   226 | D:2      | Learned a level 2 spell: Poisonous Vapours
   230 | D:2      | Learned a level 3 spell: Mephitic Cloud
   234 | D:2      | Learned a level 3 spell: Ignite Poison
   367 | D:4      | Reached skill level 1 in Invocations
   380 | D:4      | Reached skill level 1 in Fighting
   380 | D:4      | Reached skill level 1 in Short Blades
   380 | D:4      | Reached skill level 1 in Long Blades
   380 | D:4      | Reached skill level 1 in Axes
   380 | D:4      | Reached skill level 1 in Maces & Flails
   380 | D:4      | Reached skill level 1 in Polearms
   380 | D:4      | Reached skill level 1 in Staves
   380 | D:4      | Reached skill level 1 in Slings
   380 | D:4      | Reached skill level 1 in Bows
   380 | D:4      | Reached skill level 1 in Crossbows
   380 | D:4      | Reached skill level 1 in Throwing
   380 | D:4      | Reached skill level 1 in Armour
   380 | D:4      | Reached skill level 1 in Shields
   380 | D:4      | Reached skill level 1 in Unarmed Combat
   380 | D:4      | Reached skill level 1 in Evocations
   380 | D:4      | Reached XP level 4. HP: 10/32 MP: 0/11
   385 | D:4      | Slain by a worker ant

Illustrated notes

Levels and vault maps discovered:
D:1:      dpeg_arrival_connections, layout_rooms, kennysheep_nondescript
D:2:      layout_rooms, uniq_terence
D:3:      layout_basic, minmay_cut_off
D:4:      layout_loops_ring, minmay_temple_entry_drinking_statues, uniq_sigmund,
          uniq_duvessa

Skill      XL: |  1  2  3 |
---------------+----------+-----
Transmutations | 2 |  2.2
Spellcasting   | 5 |  5.0
Invocations    | 1 |  1.2
Fighting       | 1 |  1.1
Short Blades   | 1 |  1.1
Long Blades    | 1 |  1.1
Axes           | 1 |  1.1
Maces & Flails | 1 |  1.1
Polearms       | 1 |  1.1
Staves         | 1 |  1.1
Slings         | 1 |  1.1
Bows           | 1 |  1.1
Crossbows      | 1 |  1.1
Throwing       | 1 |  1.1
Armour         | 1 |  1.1
Shields        | 1 |  1.1
Unarmed Combat | 1 |  1.1
Evocations     | 1 |  1.1
Dodging        | |  4.6
Stealth        | |  4.2
Conjurations   | |  0.8
Hexes          | |  0.8
Summonings     | |  0.8
Necromancy     | |  0.8
Translocations | |  0.8
Fire Magic     | |  0.8
Ice Magic      | |  0.8
Air Magic      | |  0.8
Earth Magic    | |  0.8
Poison Magic   | |  5.4

Action                   |  1- 3 |  4- 6 || total
-------------------------+-------+-------++-------
Melee: Mace              |    25 |     3 ||    28
       Bite              |     4 |       ||     4
 Cast: Sting             |    18 |       ||    18
       Poisonous Vapours |     3 |       ||     3
  Use: Scroll            |     3 |       ||     3
Armor: Robe              |     2 |       ||     2
Dodge: Dodged            |    40 |     4 ||    44
